 Dungeon Crawl Stone Soup version 0.23-b1-6-ga921848 (webtiles) character file.

Game seed: 18314013820145455798

7539 doot the Summoner (level 11, -7/59 HPs)
             Began as a Tengu Summoner on Feb 1, 2019.
             Was a High Priest of Sif Muna.
             Mangled by a wolf spider simulacrum (30 damage)
             ... in a Gauntlet on Feb 2, 2019.
             The game lasted 00:56:05 (14344 turns).

doot the Summoner (Tengu Summoner)                 Turns: 14344, Time: 00:56:05

Health: -7/59      AC:  3    Str: 10    XL:     11   Next: 16%
Magic:  39/40      EV: 20    Int: 18    God:    Sif Muna [*****.]
Gold:   213        SH:  0    Dex: 14    Spells: 7/28 levels left

rFire    . . .     SeeInvis .   Z - staff of power
rCold    . . .     Gourm    .   (no shield)
rNeg     . . .     Faith    .   I - +1 robe {Archmagi}
rPois    .         Spirit   .   (helmet restricted)
rElec    .         Reflect  .   (no cloak)
rCorr    .         Harm     .   (no gloves)
MR       .....     NoTele   +   (boots unavailable)
Stlth    +++.......             i - amulet of magic regeneration
HPRegen  0.19/turn              F - +3 ring of slaying
MPRegen  0.52/turn              S - +3 ring of evasion

@: flying quickly and evasively, quick
A: beak, talons 3, able to fly
a: Stop Flying, Divine Energy, Channel Magic, Forget Spell, Renounce Religion


You were in a Gauntlet.
You worshipped Sif Muna.
Sif Muna was extremely pleased with you.
You were not hungry.

You visited 2 branches of the dungeon, and saw 12 of its levels.
You also visited: Gauntlet.

You collected 842 gold pieces.
You spent 629 gold pieces at shops.

Inventory:

Hand Weapons
 n - a +2 hand axe of electrocution
 L - the +1 rapier of Truncation {drain, rElec}
   (You found it on level 7 of the Dungeon)

   A truly terrible weapon, it drains the life of those it strikes.
   It insulates you from electricity.
 M - a +4 scimitar of flaming
Missiles
 q - 8 javelins (quivered)
 R - 3 throwing nets
Armour
 H - a +0 buckler
 I - a +1 robe of the Archmagi (worn)
 K - a +0 robe of cold resistance
 N - a +2 robe of positive energy
Magical Staves
 u - an uncursed staff of earth
 Z - an uncursed staff of power (weapon)
Jewellery
 i - an amulet of magic regeneration (around neck)
 y - a +4 amulet of reflection
 F - a +3 ring of slaying (left hand)
 S - a +3 ring of evasion (right hand)
Wands
 a - a wand of acid (9)
 d - a wand of polymorph (8)
 t - a wand of disintegration (6)
 T - a wand of clouds (7)
 V - a wand of paralysis (11)
Scrolls
 f - 3 scrolls of magic mapping
 g - 5 scrolls of remove curse
 h - 2 scrolls of immolation
 j - 4 scrolls of fog
 k - 5 scrolls of teleportation
 l - 4 scrolls of identify
 o - 4 scrolls of amnesia
 z - a scroll of vulnerability
 C - a scroll of random uselessness
 G - a scroll of blinking
Potions
 p - 3 potions of lignification
 r - a potion of resistance
 v - 2 potions of mutation
 w - 6 potions of heal wounds
 x - 5 potions of might
 A - 3 potions of agility
 B - 6 potions of curing
 D - a potion of berserk rage
 E - a potion of haste
 J - a potion of invisibility
 U - 2 potions of cancellation
 W - a potion of ambrosia
 X - a potion of flight
Comestibles
 c - 11 rations


   Skills:
 + Level 2.7 Fighting
 + Level 3.5 Short Blades
 + Level 3.4 Axes
 + Level 4.2 Dodging
 + Level 4.6 Stealth
 + Level 9.4 Spellcasting
 * Level 3.1 Conjurations
 + Level 11.7 Summonings
 + Level 0.7 Translocations
 + Level 0.5 Fire Magic
 + Level 3.0 Ice Magic
 + Level 5.6 Air Magic


You had 7 spell levels left.
You knew the following spells:

 Your Spells              Type           Power        Failure   Level  Hunger
b - Call Imp              Summ           ######..     1%          2    None
c - Call Canine Familiar  Summ           ######..     1%          3    None
d - Summon Lightning Spi  Summ/Air       ######..     2%          4    ###....
e - Summon Ice Beast      Ice/Summ       ######..     4%          4    ###....
f - Conjure Flame         Conj/Fire      ###.....     12%         3    None
g - Summon Forest         Summ/Tloc      #####.....   19%         5    #####..

Your spell library contained the following spells:

 Spells                   Type           Power        Failure   Level  Hunger
 Summon Small Mammal      Summ           ####         1%          1    None
 Summon Guardian Golem    Hex/Summ       #####...     2%          3    None
 Flame Tongue             Conj/Fire      ###..        4%          1    None
 Throw Flame              Conj/Fire      ###...       6%          2    None
 Mephitic Cloud           Conj/Pois/Air  ####....     8%          3    None
 Confusing Touch          Hex            ##....       9%          1    None
 Gell's Gravitas          Tloc           ###.......   19%         3    None
 Inner Flame              Hex/Fire       ##......     22%         3    None
 Confuse                  Hex            ##......     26%         3    None
 Sticky Flame             Conj/Fire      ###.....     36%         4    ###....
 Petrify                  Tmut/Erth      ##......     63%         4    ###....
 Fireball                 Conj/Fire      ###.......   73%         5    #####..
 Metabolic Englaciation   Hex/Ice        ###.......   77%         5    #####..
 Yara's Violent Unravell  Hex/Tmut       ##........   93%         5    #####..
 Fire Storm               Conj/Fire      ###.......   100%        9    #######


Dungeon Overview and Level Annotations

Branches:
Dungeon (11/15)            Temple (1/1) D:5            Lair (0/6) D:10
    Orc: D:9-12

Altars:
Ashenzari
Cheibriados
Dithmenos
Elyvilon
Fedhas
Hepliaklqana
Kikubaaqudgha
Makhleb
Nemelex Xobeh
Okawaru
Qazlal
Sif Muna
Trog
Uskayaw
Vehumet
Wu Jian
Xom
Yredelemnul
Zin
The Shining One

Shops:
D:9 !   D:10 *

Annotations:
D:10 2 transporters, beigtais's ghost, novice DsCj Gauntlet 7 transporters


Innate Abilities, Weirdness & Mutations

You have a beak for a mouth.
You have claws for feet.
You can fly continuously.


Message History

Something freezes your warg! Something bites your warg!
Something freezes your warg!!
Your warg dies!
Your warg's corpse disappears in a puff of smoke!
Press: ? - help, v - describe, . - travel
Here: a centaur warrior simulacrum The floor.
Unknown command.
Unknown command.
Blink to where?
Press: ? - help, Dir - move target cursor You can't see that place. [the floor.]
Okay, then.
Unknown command.
The wolf spider simulacrum barely misses you.
The wolf spider simulacrum bites you.
The wolf spider simulacrum freezes you!!
Ouch! That really hurt!
You die...

#####################
#≈#≈#≈#§#≈#≈#≈#≈#≈#§##
..................§.§##
.....................≈#
######..###########..##
≈....#..#.........#..§#
.≈≈≈.#..#.#.#.#.#.#..##
..≈.≈#..#..#.#Z#@?#..≈#**********
≈≈...####.#Z#.#Z#:#..##*,,**,,,,*
.≈..©#©©#..#.©.#.©#..≈#*,,,,,**,*
≈≈.≈.####.#§#Z#.#.#..##*,.#*,**,,
..≈..#..#..#.#.#.[#..≈#*..##,,,,*
≈≈.≈≈#..#.#.#.#.#.#..###....,**,*
≈....#..#......Z..#..#....#*,**,,
######..###########..#©...##,,,,*
.....................#......,**,'


You could see a wolf spider simulacrum and a redback simulacrum.

Vanquished Creatures
  An ugly thing (D:10)
  A centaur skeleton (D:10)
  A hippogriff (D:10)
  A hungry ghost (D:10)
  A phantom (D:9)
  An ice beast (D:7)
  3 big kobolds
  2 bullfrogs (D:6)
  A water moccasin zombie (D:6)
  A scorpion (D:9)
  2 crimson imps (D:5)
  A bullfrog zombie (D:6)
  A hound (D:6)
  3 iguanas
  A hound zombie (D:7)
  A gnoll (D:8)
  A howler monkey skeleton (D:8)
  3 adders
  A shadow imp (D:5)
  2 ufetubi (Gauntlet)
  2 adder skeletons
  A worm (D:3)
  2 leopard geckos
  9 orcs
  2 giant cockroaches (D:3)
  A goblin (D:3)
  A hobgoblin (D:1)
  A ball python (D:1)
  A ball python skeleton (D:4)
  8 bats
  2 frilled lizards (D:5)
  2 rats
61 creatures vanquished.

Vanquished Creatures (collateral kills)
  Harold (D:8)
  A hydra (D:8)
  Erica (D:8)
  A sixfirhy (Gauntlet)
  Pikel (D:4)
  Joseph (D:8)
  An eye of devastation (Gauntlet)
  2 trolls (D:10)
  2 dream sheep (D:8)
  3 hippogriffs
  5 yaks
  A golden eye (Gauntlet)
  Grum (D:8)
  A hungry ghost (D:9)
  Duvessa (D:4)
  A porcupine (D:10)
  6 orc warriors
  3 phantoms
  3 black bears
  A sky beast (D:11)
  3 necrophages
  4 centaurs
  2 ogres (D:5)
  2 wolves (D:8)
  A crocodile (D:10)
  2 big kobolds
  5 bullfrogs
  A gnoll sergeant (D:10)
  Dowan (D:4)
  A wyvern skeleton (D:7)
  3 scorpions
  3 killer bees (D:10)
  3 wights (D:9)
  3 spriggan skeletons (D:9)
  5 howler monkeys
  2 crimson imps
  2 centaur zombies
  A bullfrog zombie (D:9)
  2 jellies
  A centaur skeleton (D:9)
  A gnoll shaman (D:8)
  8 orc priests
  3 hounds
  16 orc wizards
  A bullfrog skeleton (D:7)
  6 iguanas
  Jessica (D:3)
  5 worker ants
  A hound zombie (D:10)
  A hound skeleton (D:10)
  2 mummies (D:9)
  10 gnolls
  6 adders
  3 shadow imps
  2 ufetubi (Gauntlet)
  3 adder zombies (D:9)
  2 worms
  2 leopard geckos
  24 orcs
  2 giant cockroaches
  12 hobgoblins
  A quokka (D:7)
  5 bats
  2 frilled lizards
  7 goblins
  8 kobolds
  4 rats
  2 plants (D:8)
224 creatures vanquished.

Vanquished Creatures (others)
  A fungus (D:10)
  A plant (D:10)
2 creatures vanquished.

Grand Total: 287 creatures vanquished

Notes
Turn   | Place    | Note
-------+----------+-------------------------------------------
     0 | D:1      | doot the Tengu Summoner began the quest for the Orb.
     0 | D:1      | Reached XP level 1. HP: 10/10 MP: 4/4
    52 | D:1      | Reached skill level 5 in Summonings
   280 | D:1      | Reached XP level 2. HP: 14/15 MP: 3/6
   289 | D:1      | Learned a level 2 spell: Call Imp
  1012 | D:3      | Reached XP level 3. HP: 19/19 MP: 0/7
  1274 | D:3      | Learned a level 3 spell: Call Canine Familiar
  1303 | D:3      | Reached XP level 4. HP: 2/24 MP: 2/9
  1605 | D:3      | Noticed Jessica
  1616 | D:3      | Killed Jessica
  1616 | D:3      | Reached skill level 6 in Summonings
  2330 | D:4      | Gained mutation: You can fly continuously. [Tengu growth]
  2330 | D:4      | Reached XP level 5. HP: 28/28 MP: 10/10
  2339 | D:4      | Learned a level 4 spell: Summon Lightning Spire
  2450 | D:4      | Reached skill level 1 in Air Magic
  2585 | D:4      | Noticed Duvessa
  2706 | D:5      | Entered Level 5 of the Dungeon
  2779 | D:5      | Found a staircase to the Ecumenical Temple.
  2779 | D:5      | Noticed a phantom
  2787 | Temple   | Entered the Ecumenical Temple
  2991 | Temple   | Became a worshipper of Sif Muna the Loreminder
  3702 | D:2      | Reached XP level 6. HP: 32/32 MP: 12/12
  4340 | D:5      | Found an iron altar of Okawaru.
  4360 | D:5      | Reached skill level 1 in Axes
  4441 | D:5      | Found a bloodstained altar of Trog.
  4989 | D:5      | Found a faded altar of an unknown god.
  4989 | D:5      | Found a shadowy altar of Dithmenos.
  4994 | D:5      | Found a glowing silver altar of Zin.
  4996 | D:5      | Found an ornate altar of the Wu Jian Council.
  4998 | D:5      | Found a snail-covered altar of Cheibriados.
  5109 | D:5      | Reached skill level 7 in Summonings
  5413 | D:5      | Reached XP level 7. HP: 37/37 MP: 5/14
  5419 | D:5      | Learned a level 4 spell: Summon Ice Beast
  5489 | D:5      | Found a shimmering altar of Xom.
  5490 | D:5      | Found a burning altar of Makhleb.
  5744 | D:6      | Noticed a hippogriff
  5762 | D:6      | Killed a hippogriff
  5762 | D:6      | Reached * piety under Sif Muna
  5938 | D:6      | Found a basalt altar of Yredelemnul.
  5941 | D:6      | Noticed a profane servitor
  5948 | D:6      | Reached skill level 1 in Fighting
  5951 | D:6      | Found a glowing golden altar of the Shining One.
  5953 | D:6      | Noticed an angel
  6394 | D:6      | Reached XP level 8. HP: 27/42 MP: 13/16
  6416 | D:6      | Reached skill level 5 in Spellcasting
  6581 | D:6      | Reached skill level 8 in Summonings
  6603 | D:6      | Learned a level 3 spell: Conjure Flame
  7399 | D:7      | Noticed a hippogriff
  7410 | D:7      | Killed a hippogriff
  7469 | D:7      | Reached ** piety under Sif Muna
  7484 | D:7      | Reached skill level 1 in Ice Magic
  8289 | D:7      | Got an ancient rapier
  8290 | D:7      | Identified the cursed +1 rapier of Truncation {drain,
                  | rElec} (You found it on level 7 of the Dungeon)
  8926 | D:4      | Killed Duvessa
  8926 | D:4      | Reached XP level 9. HP: 47/47 MP: 5/19
  8928 | D:4      | Noticed Pikel
  8928 | D:4      | Noticed Dowan
  8941 | D:4      | Killed Dowan
  8941 | D:4      | Reached skill level 9 in Summonings
  8957 | D:4      | Killed Pikel
  9564 | D:8      | Noticed Erica
  9572 | D:8      | Killed Erica
  9572 | D:8      | Reached *** piety under Sif Muna
  9591 | D:8      | Noticed Grum
  9601 | D:8      | Killed Grum
  9705 | D:8      | Reached skill level 10 in Summonings
 10201 | D:8      | Noticed Joseph
 10215 | D:8      | Killed Joseph
 10215 | D:8      | Reached skill level 1 in Short Blades
 10232 | D:8      | Reached XP level 10. HP: 46/53 MP: 7/22
 10373 | D:8      | Noticed a three-headed hydra
 10473 | D:8      | Killed a three-headed hydra
 10473 | D:8      | Reached **** piety under Sif Muna
 10722 | D:8      | Noticed Harold
 10748 | D:8      | Killed Harold
 10945 | D:9      | Reached skill level 5 in Air Magic
 11651 | D:9      | Found Deep's Distillery.
 11688 | D:9      | Bought a potion of might for 68 gold pieces
 11688 | D:9      | Bought a potion of ambrosia for 136 gold pieces
 11688 | D:9      | Bought a potion of might for 68 gold pieces
 11688 | D:9      | Bought a potion of curing for 51 gold pieces
 11688 | D:9      | Bought 2 potions of curing for 102 gold pieces
 11688 | D:9      | Bought a potion of agility for 68 gold pieces
 11688 | D:9      | Bought a potion of mutation for 136 gold pieces
 11841 | D:9      | Reached skill level 11 in Summonings
 12238 | D:10     | Entered Level 10 of the Dungeon
 12240 | D:10     | Noticed a green ugly thing
 12251 | D:10     | Killed a green ugly thing
 12790 | D:10     | Reached ***** piety under Sif Muna
 12790 | D:10     | Identified Seel Xiu's Handbook of Supportive Confrontation
                  | (Sif Muna gifted it to you on level 10 of the Dungeon)
 12790 | D:10     | Received a gift from Sif Muna
 12800 | D:10     | Learned a level 5 spell: Summon Forest
 12834 | D:10     | Reached skill level 1 in Conjurations
 13066 | D:10     | Found Buuneq's Assorted Antiques.
 13094 | D:10     | Reached XP level 11. HP: 55/58 MP: 23/25
 13115 | D:10     | Found a transporter.
 13115 | D:10     | Identified the +6 dire flail "Wixoschoa" {drain, MR+ Int+6}
 13115 | D:10     | Noticed a two-headed ogre
 13115 | D:10     | Noticed beigtais's ghost (novice DsCj)
 13116 | D:10     | Found a transporter.
 13116 | D:10     | Noticed a two-headed ogre
 13419 | D:10     | Found a staircase to the Lair.
 13737 | D:11     | Found a gate leading to a gauntlet.
 13746 | Gauntlet | Entered a Gauntlet
 13746 | Gauntlet | Found a transporter.
 13746 | Gauntlet | Found a transporter.
 13746 | Gauntlet | Found a transporter.
 13750 | Gauntlet | Noticed a sixfirhy
 13751 | Gauntlet | Found a transporter.
 13754 | Gauntlet | Found a transporter.
 13755 | Gauntlet | Found a transporter.
 13756 | Gauntlet | Noticed a death scarab
 13761 | Gauntlet | Found a transporter.
 13763 | Gauntlet | Found a transporter.
 13764 | Gauntlet | Found a transporter.
 13777 | Gauntlet | Found a transporter.
 13778 | Gauntlet | Noticed a wizard
 13779 | Gauntlet | Noticed a wizard
 13784 | Gauntlet | Found a transporter.
 13784 | Gauntlet | Found a transporter.
 14046 | Gauntlet | Killed a sixfirhy
 14344 | Gauntlet | Mangled by a wolf spider simulacrum

Skill      XL: |  1  2  3  4  5  6  7  8  9 10 11 |
---------------+----------------------------------+-----
Summonings     | 5 6 7 8 10 11 | 11.7
Spellcasting   | 3 4 6 7 9 |  9.4
Air Magic      | 1 2 3 4 5 |  5.6
Axes           | 1 2 3 |  3.4
Stealth        | 3 4 |  4.6
Fighting       | 1 2 |  2.7
Dodging        | 3 4 |  4.2
Ice Magic      | 1 2 3 |  3.0
Short Blades   | 1 3 |  3.5
Conjurations   | 2 3 |  3.1
Translocations | |  0.7
Fire Magic     | |  0.5

Action                   |  1- 3 |  4- 6 |  7- 9 | 10-12 || total
-------------------------+-------+-------+-------+-------++-------
Melee: Dagger            |     7 |       |       |       ||     7
       Kick              |     1 |    10 |    12 |    22 ||    45
       Hand axe          |       |    63 |    50 |       ||   113
       Peck              |       |     9 |     9 |     9 ||    27
       Rapier            |       |       |    25 |    79 ||   104
       Staff             |       |       |       |     3 ||     3
 Cast: Summon Small Mamm |    19 |       |       |       ||    19
       Call Imp          |    16 |    12 |     6 |     1 ||    35
       Call Canine Famil |     1 |    15 |    24 |    37 ||    77
       Summon Lightning  |       |     9 |    20 |    16 ||    45
       Summon Ice Beast  |       |       |    18 |    20 ||    38
       Conjure Flame     |       |       |       |     3 ||     3
       Summon Forest     |       |       |       |     2 ||     2
 Abil: Fly               |       |       |       |     1 ||     1
  Use: Potion            |     2 |       |       |     2 ||     4
       Scroll            |       |       |       |    20 ||    20
 Stab: Sleeping          |       |     7 |     3 |       ||    10
       Distracted        |       |       |     1 |     3 ||     4
  Eat: Chunk             |     2 |    13 |    12 |    11 ||    38
       Ration            |       |     1 |     3 |     3 ||     7
Armor: Robe              |     8 |    11 |    12 |     9 ||    40
Dodge: Dodged            |    16 |    47 |    57 |    73 ||   193
